 Dungeon Crawl Stone Soup version 0.30.1-9-gdf580d7c3d (webtiles) character file.

Game seed: 12106713632787745506

2307 Suitcaser the Thaumaturge (level 9, -20/51 HPs)
             Began as a Deep Elf Ice Elementalist on Oct 23, 2023.
             Engulfed by an efreet's flame (22 damage)
             ... on level 7 of the Dungeon.
             The game lasted 00:36:24 (7115 turns).

Suitcaser the Thaumaturge (DEIE)                    Turns: 7115, Time: 00:36:24

Health: -20/51     AC:  9    Str:  5    XL:     9   Next: 18%
Magic:  19/23      EV: 14    Int: 27    God:
Gold:   343        SH:  0    Dex: 15    Spells: 13/24 levels left

rFire   x . .        m - +2 dagger (elec)
rCold   + . .        (no shield)
rNeg    . . .        f - +2 robe of Inviolability {Int+2}
rPois   +            o - +0 helmet
rElec   .            k - +1 cloak {rPois}
rCorr   .            g - +0 pair of gloves
SInv    .            x - +0 pair of boots
Will    .....        (no amulet)
Stlth   +++          i - ring of ice
HPRegen 0.28/turn    (no ring)
MPRegen 0.18/turn

%: no passive effects
@: no status effects
A: no striking features
a: no special abilities


You were on level 7 of the Dungeon.
You visited 1 branch of the dungeon, and saw 7 of its levels.

You collected 343 gold pieces.

Inventory:

Hand Weapons
 h - a +0 dagger
 m - a +2 dagger of electrocution (weapon)
 M - a +2 dagger of protection
Missiles
 j - 9 poisoned darts
 l - 10 atropa-tipped darts
 s - 6 javelins
 L - a throwing net
Armour
 a - a +0 robe
 f - the +2 robe of Inviolability (worn) {Int+2}
   (You found it on level 4 of the Dungeon)

   Int:       It affects your intelligence (+2).
 g - a +0 pair of gloves (worn)
 k - a +1 cloak of poison resistance (worn)
 n - a +2 animal skin
 o - a +0 helmet (worn)
 x - a +0 pair of boots (worn)
 K - a +2 robe of the Archmagi
Magical Staves
 c - a staff of air
 C - a staff of fire
 O - a staff of poison
Jewellery
 i - a ring of ice (left hand)
 y - an amulet of magic regeneration
 A - a +6 ring of strength
 D - a ring of protection from fire
 J - a ring of protection from cold
 N - a ring of flight
Wands
 E - a wand of roots (12)
 F - a wand of mindburst (10)
 H - a wand of light (7)
Scrolls
 u - 5 scrolls of teleportation {unknown}
 I - 4 scrolls of identify
Potions
 b - 2 potions of magic
 d - a potion of might {unknown}
 e - 2 potions of haste
 p - a potion of flight {unknown}
 q - a potion of lignification {unknown}
 r - a potion of brilliance {unknown}
 t - 4 potions of curing {unknown}
 v - a potion of heal wounds {unknown}
 w - 3 potions of invisibility
 z - a potion of ambrosia {unknown}
 B - a potion of resistance
 G - a potion of degeneration {unknown}


   Skills:
 + Level 3.3 Fighting
 - Level 5.0 Dodging
 - Level 5.0 Stealth
 - Level 8.0 Spellcasting
 - Level 5.0 Summonings
 + Level 7.3 Necromancy
 - Level 6.0 Ice Magic


You had 13 spell levels left.
You knew the following spells:

 Your Spells              Type           Power      Damage    Failure   Level
a - Freeze                Ice            100%       1d10      1%          1
b - Frozen Ramparts       Ice            100%       1d16      1%          3
c - Ozocubu's Armour      Ice            59%        N/A       1%          3
d - Summon Ice Beast      Ice/Summ       57%        N/A       5%          4

Your spell library contained the following spells:

 Spells                   Type           Power      Damage    Failure   Level
 Ignite Poison            Fire/Tmut/Pois 10%        N/A       16%         3
 Portal Projectile        Hex/Tloc       20%        N/A       16%         3
 Tukima's Dance           Hex            10%        N/A       16%         3
 Metabolic Englaciation   Hex/Ice        20%        N/A       38%         5
 Petrify                  Tmut/Erth      10%        N/A       45%         4
 Sticky Flame             Conj/Fire      10%        2d3       45%         4
 Blade Hands              Tmut           5%         N/A       82%         5
 Statue Form              Tmut/Erth      6%         N/A       100%        6
 Ignition                 Fire           5%         3d4       100%        8


Dungeon Overview and Level Annotations

Branches:
Dungeon (7/15)
 Temple: D:4-7

Altars:
Dithmenos
Elyvilon
Makhleb
Nemelex Xobeh
Okawaru
Qazlal
Ru
Vehumet
Zin
The Shining One

Annotations:
D:4 exclusion: statue


Message History

Your ice beast hits the white imp.
Your ice beast freezes the white imp.
The white imp resists.
The white imp barely misses your ice beast.
Your ice beast hits the white imp.
The white imp dies!
You start resting.
The frozen ramparts melt away.
You start resting.
Your ice beast disappears in a puff of smoke!
HP restored.
You start resting.
Magic restored.
Things that are here:
a +0 robe; an orc corpse
N - a ring of flight;
t - 4 murky pink potions (gained 1)
Things that are here:
a staff of poison; a +0 robe; an orc corpse
O - a staff of poison An efreet comes into view.
It is wielding a +2 scimitar of flaming.
Found a dagger.
An ice beast comes into view.
A water moccasin comes into view.
Casting: Frozen Ramparts (safe; 1% risk of failure)
Confirm with . or Enter, or press ? or * to list all spells.
You feel a surge of power! A chill wind blows around you.
The efreet gestures at you.
The fireball explodes!
The fireball engulfs you!! The fire burns you terribly!
The tree burns like a torch!
The fireball engulfs the efreet.
The efreet completely resists.
The fireball engulfs your ice beast!!
Your ice beast melts!
You hear an angry hiss.
You hear a shout! x4
You're standing in a cloud of flame!
You swap places.
You are engulfed in blazing flames.
Ouch! That really hurt!
* * * LOW HITPOINT WARNING * * *
The efreet hits your ice beast with a +2 scimitar of flaming!
The efreet melts your ice beast.
Your ice beast dies!
Your ice beast disappears in a puff of smoke!
You are engulfed in blazing flames.
You die...

#.♣.♣.#..#####)#
#♣.♣.♣#.......)#
#.♣.♣.#..#####.#
##♣.♣##........#
#...♣ #..#####.##
#[♣♣♣♣#.........#
#.§§§.#..#####..#
#§§§♣[#.........#
#.§§@.#.##......#
#R§§♣♣#......####
♣.°.§)#......#
#.....Y.♣♣♣.#.....>#
..YS♣♣♣.. .#.##.###
~. #.♣♣ #....# #..
#..### #♣♣ #..##
#...#


You could see an efreet and an ice beast.

Vanquished Creatures
  Sigmund (D:2)
  A wraith (D:7)
  A steam dragon (D:7)
  Edmund (D:5)
  A black bear (D:7)
  An ogre (D:5)
  A centaur (D:6)
  2 kobold brigands
  A nameless horror (D:6)
  2 bullfrogs (D:6)
  5 scorpions
  A howler monkey (D:6)
  An orc priest (D:5)
  An iguana (D:6)
  Natasha (thrice) (D:3)
  An orc wizard (D:7)
  Ijyb (D:5)
  Robin (D:2)
  4 gnolls (D:7)
  13 adders
  A shadow imp (D:6)
  3 white imps (D:5)
  A dart slug (D:3)
  7 orcs
  15 endoplasms
  7 giant cockroaches
  11 goblins
  14 hobgoblins
  6 quokkas
  4 ball pythons
  8 bats
  A frilled lizard (D:1)
  6 kobolds
  4 rats
131 creatures vanquished.

Vanquished Creatures (collateral kills)
  Prince Ribbit (D:5)
  An ice beast (D:5)
  An orc warrior (D:7)
  An orc priest (D:5)
  A gnoll bouda (D:7)
  A white imp (D:7)
  2 ufetubi
  2 orcs (D:7)
  A kobold (D:7)
11 creatures vanquished.

Vanquished Creatures (others)
  An electric eel (D:7)
1 creature vanquished.

Grand Total: 143 creatures vanquished

Notes
Turn   | Place    | Note
-------+----------+-------------------------------------------
     0 | D:1      | Suitcaser the Deep Elf Ice Elementalist began the quest for
                  | the Orb.
     0 | D:1      | Reached XP level 1. HP: 10/10 MP: 6/6
   121 | D:1      | Reached XP level 2. HP: 12/15 MP: 0/8
   708 | D:1      | Reached XP level 3. HP: 19/19 MP: 5/10
   712 | D:1      | Learned a level 3 spell: Frozen Ramparts
   716 | D:1      | Learned a level 3 spell: Ozocubu's Armour
   871 | D:1      | Found a glowing golden altar of the Shining One.
  1295 | D:2      | Noticed Robin
  1307 | D:2      | Killed Robin
  1308 | D:2      | Reached XP level 4. HP: 23/24 MP: 2/11
  1515 | D:2      | Reached skill level 4 in Spellcasting
  1515 | D:2      | Reached skill level 5 in Ice Magic
  1556 | D:2      | Noticed Sigmund
  1571 | D:2      | Killed Sigmund
  1572 | D:2      | Reached XP level 5. HP: 24/28 MP: 4/14
  2183 | D:3      | Reached skill level 5 in Spellcasting
  2183 | D:3      | Reached XP level 6. HP: 26/32 MP: 7/15
  2479 | D:3      | Found a stormy altar of Qazlal.
  2646 | D:3      | Noticed Natasha
  2650 | D:3      | Killed Natasha
  2651 | D:3      | Reached skill level 5 in Stealth
  2801 | D:3      | Found a burning altar of Makhleb.
  2880 | D:3      | Noticed Natasha
  2886 | D:3      | Killed Natasha
  3408 | D:3      | Noticed Natasha
  3413 | D:3      | Killed Natasha
  3414 | D:3      | Reached skill level 1 in Necromancy
  3629 | D:4      | Identified the +2 robe of Inviolability {Int+2}
  3674 | D:4      | Reached skill level 5 in Dodging
  3674 | D:4      | Reached XP level 7. HP: 36/36 MP: 9/17
  3851 | D:4      | Found a shadowy altar of Dithmenos.
  3981 | D:4      | Reached skill level 6 in Spellcasting
  3981 | D:4      | Reached skill level 1 in Summonings
  4176 | D:4      | Found a radiant altar of Vehumet.
  4327 | D:4      | Found an iron altar of Okawaru.
  4666 | D:5      | Entered Level 5 of the Dungeon
  4666 | D:5      | Noticed Prince Ribbit
  4689 | D:5      | Noticed Edmund
  4693 | D:5      | Killed Edmund
  4699 | D:5      | Learned a level 4 spell: Summon Ice Beast
  4870 | D:5      | Reached skill level 7 in Spellcasting
  5036 | D:5      | Killed Prince Ribbit
  5037 | D:5      | Reached XP level 8. HP: 41/41 MP: 12/21
  5038 | D:5      | Noticed Ijyb
  5046 | D:5      | Killed Ijyb
  5480 | D:5      | Found a glowing golden altar of the Shining One.
  5480 | D:5      | Found a white marble altar of Elyvilon.
  5480 | D:5      | Found a glowing silver altar of Zin.
  5651 | D:6      | Found a sacrificial altar of Ru.
  5662 | D:6      | Reached skill level 8 in Spellcasting
  5662 | D:6      | Reached skill level 5 in Necromancy
  5974 | D:6      | Found a sparkling altar of Nemelex Xobeh.
  6115 | D:6      | Reached skill level 1 in Fighting
  6602 | D:7      | Reached skill level 5 in Summonings
  6779 | D:7      | Reached XP level 9. HP: 35/49 MP: 11/23
  7109 | D:7      | Noticed an efreet
  7114 | D:7      | HP: 1/51 [efreet] (31)]
  7115 | D:7      | Engulfed by an efreet's flame

Illustrated notes

Levels and vault maps discovered:
D:1:      dpeg_arrival_water_altar, layout_rooms, minmay_hexomino_u4
D:2:      layout_loops_ring, kennysheep_cross_room,
          chequers_serial_rivers_large_a, uniq_robin, uniq_sigmund
D:3:      layout_loops_corners, nicolae_qazlal_scattered_showers,
          lightli_temple_of_fire, serial_bayou_pond_a, minmay_splitting_lines,
          minmay_quadrilaterals, uniq_natasha
D:4:      layout_cave_pods, mainiacjoe_overflow_concentric_impassable,
          vehumet_statue, mainiacjoe_overflow_catwalk, gup_sewer_entry_glass,
          grunt_ministairs_2
D:5:      layout_basic, good_gods_mini_temple, eino_tiny_chamber, uniq_edmund,
          uniq_prince_ribbit1, uniq_ijyb
D:6:      layout_basic, nemelex_xobeh_ov_fountains_minmay,
          nicolae_ru_sacrificial_ziggurat
D:7:      nzn_winding_woodlands_large [nzn_winding_woodlands_5x5_checkerboard,
          nzn_winding_woodlands_5x15_sidewinder,
          nzn_winding_woodlands_5x5_three,
          nzn_winding_woodlands_center_diamonds,
          nzn_winding_woodlands_15x15_eel_pit,
          nzn_winding_woodlands_center_triple_pond,
          nzn_winding_woodlands_5x5_open_star,
          nzn_winding_woodlands_5x15_longhouse,
          nzn_winding_woodlands_5x5_default], layout_rooms,
          minmay_temple_entry_hall, minmay_misc_feat_rows, corexii_checkpoint_a,
          uniq_maggie, uniq_duvessa, uniq_crazy_yiuf_cottage

Skill      XL: |  1  2  3  4  5  6  7  8  9 |
---------------+----------------------------+-----
Stealth        | 3 4 5 |  5.0
Dodging        | 3 4 5 |  5.0
Spellcasting   | 4 5 7 8 |  8.0
Ice Magic      | 5 6 |  6.0
Necromancy     | 1 4 6 7 |  7.3
Summonings     | 3 5 |  5.0
Fighting       | 2 3 |  3.3

Action                     |  1- 3 |  4- 6 |  7- 9 || total
---------------------------+-------+-------+-------++-------
  Melee: Unarmed           |     2 |       |       ||     2
         Staff             |     4 |    12 |       ||    16
         Dagger            |       |    13 |    12 ||    25
  Throw: Dart              |       |       |     1 ||     1
   Cast: Freeze            |    37 |     8 |    23 ||    68
         Frozen Ramparts   |     6 |    25 |    38 ||    69
         Ozocubu's Armour  |     4 |    10 |    19 ||    33
         Summon Ice Beast  |       |       |    17 ||    17
    Use: Scroll            |       |     6 |       ||     6
 Armour: Robe              |     6 |     5 |    16 ||    27
         Animal skin       |       |    11 |       ||    11
  Dodge: Dodged            |    23 |     9 |    42 ||    74
